 Dungeon Crawl Stone Soup version 0.29.1-2-gbd0b4ee654 (webtiles) character file.

Game seed: 11292952073908498469

520 KittyFluff the Cudgeller (level 7, -1/43 HPs)
             Began as a Gargoyle Berserker on Oct 27, 2022.
             Was a Priest of Trog.
             Slain by Duvessa
             ... wielding a +0 rapier
              (9 damage)
             ... on level 4 of the Dungeon.
             The game lasted 00:15:38 (3693 turns).

KittyFluff the Cudgeller (Gargoyle Berserker)       Turns: 3693, Time: 00:15:39

Health: -1/43      AC:  9    Str: 21    XL:     7   Next: 21%
Magic:  7/7        EV: 12    Int:  7    God:    Trog [***...]
Gold:   80         SH:  5    Dex: 11    Spells: 6/6 levels left

rFire   . . .      SeeInvis .   o - +0 quarterstaff
rCold   . . .      Faith    .   (shield currently unavailable)
rNeg    + + .      Spirit   .   j - +2 robe {rN+}
rPois   ∞          Reflect  +   (no helmet)
rElec   +          Harm     .   (no cloak)
rCorr   .          Rampage  .   (no gloves)
Will    .....                   (no boots)
Stlth   +.........              t - amulet of reflection
HPRegen 0.14/turn               (no ring)
MPRegen 0.10/turn               (no ring)

@: no status effects
A: sickness immunity, AC +4, negative energy resistance 1, electricity
resistance, torment resistance 1, petrification resistance
a: Renounce Religion, Berserk, Trog's Hand


You were on level 4 of the Dungeon.
You worshipped Trog.
Trog was most pleased with you.
You visited 1 branch of the dungeon, and saw 4 of its levels.

You collected 136 gold pieces.
You spent 56 gold pieces at shops.

Inventory:

Hand Weapons
 a - a +0 mace
 o - a +0 quarterstaff (weapon)
 r - a +0 sling
 u - a +0 club
Missiles
 c - 6 poisoned darts (quivered)
Armour
 b - a +0 animal skin
 i - a +0 leather armour
 j - a +2 robe of positive energy (worn)
 s - a +0 leather armour
Jewellery
 t - an amulet of reflection (around neck)
Wands
 v - a wand of paralysis (3)
Scrolls
 d - 2 scrolls of teleportation {unknown}
 f - a scroll of amnesia {unknown}
 k - a scroll of blinking {unknown}
 l - a scroll of noise {unknown}
 n - a scroll of torment {unknown}
 p - a scroll of vulnerability {unknown}
 q - a scroll of enchant armour {unknown}
Potions
 e - 3 potions of curing {unknown}
 g - a potion of degeneration {unknown}
 h - a potion of flight {unknown}
 m - a potion of cancellation {unknown}
 w - a potion of resistance {unknown}


   Skills:
 + Level 4.2 Fighting
 + Level 4.7(5.5) Maces & Flails
 * Level 4.2(5.2) Staves
 + Level 2.9 Armour
 + Level 3.1 Dodging
 + Level 0.5 Stealth


You had 6 spell levels left.
You didn't know any spells.
Your spell library was empty.

Dungeon Overview and Level Annotations

Branches:
Dungeon (4/15)
 Temple: D:4-7

Altars:

Shops:
D:3 *

Annotations:
D:4 Duvessa


Innate Abilities, Weirdness & Mutations

You are immune to sickness and miasma.
Your stone body is resilient. (AC +4)
You are immune to poison.
You resist negative energy. (rN+)
You are resistant to electric shocks. (rElec)
You are resistant to unholy torment.
You are immune to petrification.


Message History

The poisoned dart completely misses Duvessa.
You sock Duvessa!
Duvessa is moderately wounded.
Duvessa hits you but does no damage.
You hit Duvessa.
Duvessa is moderately wounded.
Duvessa hits you with a +0 rapier! Duvessa closely misses you.
You barely miss Duvessa.
Duvessa is moderately wounded.
Duvessa hits you with a +0 rapier!
You closely miss Duvessa.
Duvessa is heavily wounded.
Duvessa hits you but does no damage. Duvessa closely misses you.
You hit Duvessa but do no damage.
Duvessa is heavily wounded.
Duvessa barely misses you.
You closely miss Duvessa.
Duvessa is heavily wounded.
Duvessa hits you with a +0 rapier!
* * * LOW HITPOINT WARNING * * *
Duvessa misses you.
You hit Duvessa but do no damage.
Duvessa is heavily wounded.
Duvessa closely misses you.
You hit Duvessa.
Duvessa is heavily wounded.
Duvessa hits you with a +0 rapier.
* * * LOW HITPOINT WARNING * * *
You block Duvessa's attack.
You hit Duvessa.
Duvessa is severely wounded.
Duvessa hits you but does no damage.
You hit Duvessa.
Duvessa is severely wounded.
Duvessa barely misses you. Duvessa hits you with a +0 rapier.
* * * LOW HITPOINT WARNING * * *
You sock Duvessa!
Duvessa is almost dead.
Duvessa hits you with a +0 rapier!
You die...

#..#.###..#
###....#.#...
##............
#.............
#..........###
###........).#
###....#......####
###..##.###........#
#..@.....#...##....#
#..e...##...####...#
#.......###..# #..##
#.............# ##...
......(.......... #...
..................###...
........................
.....(((................
.......).


You could see Duvessa (berserk, poisoned).

Vanquished Creatures
  An ogre (D:3)
  A necrophage (D:3)
  A scorpion (D:4)
  Dowan (D:4)
  Jessica (D:3)
  2 orc wizards (D:4)
  An iguana (D:4)
  A hound zombie (D:3)
  3 adders
  A white imp (D:4)
  An adder zombie (D:3)
  2 adder skeletons (D:3)
  A worm (D:4)
  6 dart slugs (D:4)
  6 orcs
  5 ball pythons
  5 endoplasms
  3 giant cockroaches
  8 goblins
  6 hobgoblins
  3 jackals (D:1)
  6 quokkas
  A ball python skeleton (D:3)
  7 bats
  5 frilled lizards (D:1)
  6 kobolds
  5 rats
89 creatures vanquished.

Vanquished Creatures (others)
  3 plants (D:1)
3 creatures vanquished.

Grand Total: 92 creatures vanquished

Notes
Turn   | Place    | Note
-------+----------+-------------------------------------------
     0 | D:1      | KittyFluff the Gargoyle Berserker began the quest for the
                  | Orb.
     0 | D:1      | Reached XP level 1. HP: 14/14 MP: 1/1
   314 | D:1      | Reached XP level 2. HP: 14/19 MP: 2/2
   736 | D:1      | Found a faded altar of an unknown god.
   775 | D:1      | Reached XP level 3. HP: 24/24 MP: 3/3
  1048 | D:1      | Reached ** piety under Trog
  1564 | D:2      | You fall into a shaft and drop 1 floor!
  1746 | D:3      | Reached XP level 4. HP: 20/29 MP: 4/4
  1917 | D:3      | Found Xuxiggocen's General Store.
  1927 | D:3      | Bought a +0 quarterstaff for 56 gold pieces
  1945 | D:3      | Noticed an ogre
  1955 | D:3      | Killed an ogre
  1956 | D:3      | Reached skill level 1 in Staves
  1956 | D:3      | Reached XP level 5. HP: 33/33 MP: 5/5
  2164 | D:3      | Noticed a centaur
  2227 | D:3      | Noticed Jessica
  2233 | D:3      | Killed Jessica
  2419 | D:3      | Reached XP level 6. HP: 24/38 MP: 6/6
  3012 | D:4      | Reached *** piety under Trog
  3013 | D:4      | Reached XP level 7. HP: 6/43 MP: 7/7
  3543 | D:4      | Noticed Dowan
  3569 | D:4      | Killed Dowan
  3678 | D:4      | Noticed Duvessa
  3693 | D:4      | Slain by Duvessa

Illustrated notes

Levels and vault maps discovered:
D:1:      reono_arrival_forest_river, layout_basic,
          chequers_ecumenical_altar_simple, minmay_misc_feat_tiny,
          serial_bayou_lagoon_a
D:2:      layout_basic, minmay_pentomino_x4, uniq_sigmund
D:3:      layout_basic, serial_shops, shop, serial_undead, serial_undead_d,
          serial_undead_c, serial_undead_e, serial_undead_d,
          lightli_corner_chamber, uniq_jessica
D:4:      kennysheep_slugbush, layout_cave_pools, gammafunk_ghost_necromancy,
          chequers_serial_rivers_micro_d, minivault_4, uniq_duvessa

Skill      XL: |  1  2  3  4  5  6  7 |
---------------+----------------------+-----
Maces & Flails | 4 |  4.7
Fighting       | 4 |  4.2
Staves         | 1 2 3 4 |  4.2
Dodging        | 2 3 |  3.1
Armour         | |  2.9
Stealth        | |  0.5

Action                   |  1- 3 |  4- 6 |  7- 9 || total
-------------------------+-------+-------+-------++-------
Melee: Mace              |   107 |    18 |       ||   125
       Quarterstaff      |       |    99 |    83 ||   182
Throw: Dart              |       |     3 |    17 ||    20
       Throwing net      |       |       |     1 ||     1
Invok: Berserk           |       |     2 |     1 ||     3
Armor: Animal skin       |    36 |    49 |    17 ||   102
       Robe              |       |       |     4 ||     4
Dodge: Dodged            |    69 |    86 |    38 ||   193
Block: Other             |       |     2 |    13 ||    15
       Reflection        |       |     1 |     1 ||     2
